Map: 黑色燃烧-天梯版

Players

小坚强 (Dragon) - Winner!

  • Race: Terran Terran
  • League: Master

iGXY (XY)

  • Race: Terran Terran

Event: DreamHack SC2 Masters 2021 Summer

VOD

Have the link to the VOD?

Description

Time

  • Played on: May 26, 2021, 8:15 a.m.
  • Length: 19:38

All games in this series

Show
View Real Time Build Order
Export as new Build Order

小坚强 Terran - Winner!

Build Orders: 1/1/1, Cyclone Opening 

Get SALT Encoding   

  12  0:00  SCV  
  13  0:12  SCV  
  14  0:17  Supply Depot  
  14  0:24  SCV  
  15  0:39  SCV, Barracks  
  16  0:44  Refinery  
  16  0:51  SCV  
  16  0:54  Refinery  
  17  1:03  SCV  
  18  1:15  SCV  
  19  1:26  Reaper  
  19  1:28  Orbital Command  
  19  1:29  Supply Depot  
  20  1:46  Factory  
  20  1:53  SCV  
  21  1:58  Barracks Reactor  
  21  2:06  SCV  
  22  2:18  SCV  
  23  2:29  Starport  
  23  2:30  SCV, Factory Tech Lab  
  23  2:35  Marine x2  
  26  2:38  Command Center  
  26  2:42  SCV  
  27  2:48  Supply Depot  
  27  2:56  Cyclone  
  27  2:58  Marine  
  31  3:09  SCV, Marine  
  31  3:11  Medivac  
  35  3:15  Marine  
  36  3:22  SCV  
  37  3:27  Marine  
  37  3:32  Refinery  
  37  3:33  Marine  
  39  3:46  Starport Tech Lab  
  39  3:50  SCV, Siege Tank  
  39  3:51  Orbital Command  
  39  3:55  Supply Depot  
  43  4:02  SCV  
  43  4:15  Marine x2  
  43  4:16  SCV  
  37  4:17  SCV  
  37  4:18  Raven  
  40  4:28  SCV, Siege Tank  
  40  4:29  SCV  
  45  4:33  Marine x2  
  47  4:41  SCV x2  
  49  4:51  Marine x2  
  51  4:53  SCV x2  
  51  4:54  Supply Depot  
  53  5:00  Siege Tank  
  53  5:03  Raven  
  53  5:05  SCV x2  
  60  5:09  Marine x2  
  60  5:13  Supply Depot  
  62  5:17  SCV  
  62  5:18  SCV  
  62  5:19  Command Center  
  64  5:27  Marine  
  65  5:29  SCV  
  65  5:30  SCV  
  65  5:32  Siege Tank  
  71  5:43  SCV x2  
  71  5:47  Refinery, Supply Depot  
  74  5:55  SCV x2  
  74  5:56  Barracks  
  74  5:57  Barracks  
  74  6:00  Viking x2  
  74  6:01  Stimpack  
  78  6:08  SCV x2, Marine, Supply Depot  
  81  6:12  Siege Tank  
  84  6:21  SCV x2  
  86  6:27  Marine  
  86  6:33  SCV x2, Viking  
  86  6:38  Viking  
  92  6:40  Orbital Command  
  92  6:44  Siege Tank  
  92  6:45  SCV  
  92  6:55  Barracks Reactor x2  
  92  6:56  SCV  
  92  6:57  SCV  
  91  7:07  Marine, Viking  
  91  7:08  SCV, Viking  
  94  7:09  SCV  
  95  7:17  SCV  
  95  7:20  SCV, Supply Depot  
  95  7:21  SCV  
  98  7:23  Barracks  
  98  7:26  Barracks, Siege Tank  
  98  7:29  SCV  
  103  7:32  SCV  
  103  7:33  SCV  
  103  7:34  Marine  
  103  7:35  Marine  
  107  7:39  Engineering Bay  
  107  7:40  Engineering Bay  
  107  7:41  SCV, Combat Shield  
  107  7:44  SCV  
  103  7:58  Marine  
  103  8:03  Marine x2  
  89  8:07  Marine x2  
  89  8:08  Medivac x2  
  89  8:09  Siege Tank  
  89  8:11  Barracks Reactor  
  98  8:13  Barracks Reactor  
  98  8:14  SCV x3  
  98  8:16  Marine  
  101  8:21  Marine x2  
  101  8:25  Marine x2  
  104  8:27  Refinery x2  
  104  8:28  Factory, Supply Depot  
  104  8:30  Supply Depot  
  104  8:34  Marine  
  104  8:38  Marine  
  104  8:41  Siege Tank  
  95  8:42  Marine  
  95  8:43  Marine x2  
  95  8:49  Viking x2  
  95  8:52  Marine x3  
  95  8:53  Marine x2  
  104  9:00  Marine x2  
  106  9:04  Marine x2  
  106  9:07  Command Center, Terran Infantry Weapons Level 1  
  106  9:08  Terran Infantry Armor Level 1  
  108  9:10  Marine x2  
  108  9:11  Marine  
  108  9:13  Siege Tank  
  108  9:15  SCV x2  
  116  9:17  Factory Tech Lab  
  116  9:19  Viking x2  
  120  9:25  Marine x3  
  123  9:38  Marine x3  
  105  9:40  Marine x3  
  105  9:41  Siege Tank  
  105  9:42  SCV x2  
  110  9:45  SCV  
  103  9:53  Marine x2  
  103  9:54  SCV  
  103  9:57  Marine x2  
  105  10:02  Marine x2  
  105  10:04  Marine  
  105  10:05  Marine x2  
  105  10:06  Siege Tank  
  113  10:10  Marine  
  113  10:14  Widow Mine, Marine  
  117  10:15  Marine x2  
  117  10:16  Medivac x2  
  117  10:17  SCV x3  
  126  10:34  Marine x5  
  126  10:35  Widow Mine, Marine x2  
  127  10:36  Marine  
  127  10:38  Siege Tank  
  127  10:39  Planetary Fortress  
  131  10:43  SCV x3  
  131  10:45  Armory  
  134  10:51  Marine, Medivac  
  134  10:52  Marine x2, Medivac  
  134  10:56  Siege Tank  
  144  11:03  SCV x3  
  144  11:10  Siege Tank  
  145  11:16  Marine x3  
  138  11:22  SCV x3  
  138  11:23  SCV  
  137  11:28  Siege Tank  
  140  11:33  Marine x2  
  140  11:36  Supply Depot  
  140  11:37  Supply Depot  
  142  11:40  Terran Infantry Weapons Level 2  
  142  11:41  SCV x2  
  142  11:42  SCV x2  
  142  11:45  Siege Tank  
  142  11:46  Marine x3  
  127  11:58  Marine x2  
  127  11:59  Marine x3, Viking x2  
  127  12:00  SCV x2, Marine  
  127  12:01  SCV x2, Siege Tank  
  134  12:04  Marine x2  
  134  12:08  Marine  
  137  12:15  Marine  
  137  12:16  Marine  
  137  12:17  Marine x3  
  137  12:18  Starport, Siege Tank  
  145  12:23  Command Center  
  145  12:24  Marine x2  
  147  12:33  Siege Tank  
  147  12:36  Marine x2  
  147  12:37  Viking x2  
  147  12:38  Marine x3  
  147  12:39  Marine x2  
  147  12:43  Marine  
  147  12:44  Marine  
  158  12:49  Sensor Tower  
  158  12:50  Siege Tank  
  161  12:54  Marine x2  
  161  12:55  Marine  
  161  12:56  Starport Reactor  
  164  13:01  Supply Depot  
  164  13:04  Marine  
  164  13:05  Marine  
  164  13:07  Marine  
  164  13:11  Marine x3  
  164  13:12  Marine  
  163  13:13  Siege Tank  
  163  13:14  Marine  
  163  13:15  Marine  
  148  13:22  Marine, Siege Tank  
  148  13:23  Marine  
  148  13:24  Marine  
  141  13:28  Marine  
  141  13:29  Marine x2  
  141  13:30  Marine  
  141  13:31  SCV x4  
  141  13:32  Marine x2  
  142  13:35  Medivac  
  142  13:36  Medivac  
  142  13:40  Marine  
  142  13:41  Marine  
  148  13:42  Marine  
  148  13:45  SCV x2, Siege Tank  
  148  13:46  Marine x2  
  148  13:47  Marine x2  
  155  13:50  Marine x2  
  155  13:54  SCV x2  
  154  13:57  SCV x2  
  154  13:58  Marine x2  
  154  13:59  Planetary Fortress  
  154  14:00  Marine  
  159  14:04  Marine x2  
  159  14:05  Marine x2  
  159  14:07  SCV  
  159  14:08  SCV  
  159  14:09  SCV  
  166  14:10  Marine x2  
  166  14:14  Viking x2  
  166  14:16  Marine x2  
  174  14:18  Marine  
  174  14:22  Marine x2  
  174  14:23  Marine x2  
  178  14:28  Marine x2  
  180  14:33  Marine  
  180  14:34  Marine  
  180  14:35  Siege Tank  
  180  14:36  Marine  
  186  14:40  Marine  
  185  14:47  Siege Tank  
  183  14:58  Marine x2  
  183  14:59  Marine x2  
  185  15:05  Marine  
  185  15:06  Terran Infantry Weapons Level 3, Marine  
  187  15:12  Refinery  
  187  15:13  Refinery  
  187  15:18  Command Center  
  187  15:22  Command Center  
  187  15:41  Marine x2  
  187  15:43  Marine  
  187  15:44  Marine, Viking  
  187  15:46  Viking  
  187  15:47  Marine x3  
  187  15:48  Marine x2, Siege Tank  
  184  15:50  Siege Tank  
  179  15:59  Marine  
  179  16:00  Marine  
  179  16:01  Marine x2  
  181  16:04  Marine  
  181  16:05  Marine  
  181  16:06  Marine x2  
  181  16:08  Marine  
  178  16:20  Marine x2  
  178  16:22  Marine x2  
  179  16:26  Marine x3, Siege Tank  
  179  16:28  Siege Tank  
  174  16:35  Orbital Command x2  
  174  16:36  Marine x2  
  174  16:37  Viking x2  
  174  16:38  Marine  
  173  16:50  SCV x4  
  173  16:53  Marine x4  
  173  16:54  Marine  
  180  16:55  Medivac x2  
  180  16:58  Siege Tank  
  187  17:04  Marine x2  
  187  17:06  SCV x3  
  187  17:08  Marine x2  
  192  17:13  Terran Infantry Armor Level 2, Refinery  
  192  17:14  Refinery, Marine x3  
  197  17:16  Medivac  
  197  17:21  Marine x2  
  198  17:33  Marine x2  
  196  17:51  Marine x3  
  193  17:54  Marine  
  193  17:55  Marine  
  198  18:00  Starport  
  198  18:02  Starport  
  198  18:04  Starport  
  198  18:07  Missile Turret x2  
  198  18:10  Missile Turret  
  196  18:26  Marine x2  
  196  18:27  Starport, Marine, Missile Turret  
  197  18:28  Starport  
  197  18:30  Starport  
  187  18:41  Marine x4  
  187  18:42  Liberator x2  
  187  18:43  Siege Tank  
  196  19:10  Command Center  
  194  19:19  Sensor Tower  
Show
View Real Time Build Order
Export as new Build Order

iGXY Terran 

Build Orders: Reaper Expand 

Get SALT Encoding   

  12  0:00  SCV  
  13  0:12  SCV  
  14  0:17  Supply Depot  
  14  0:24  SCV  
  15  0:38  SCV  
  15  0:40  Barracks  
  16  0:43  Refinery  
  16  0:50  SCV  
  17  1:02  SCV  
  18  1:15  SCV  
  19  1:27  Reaper, Orbital Command  
  20  1:42  Command Center  
  20  1:50  Supply Depot  
  20  1:53  SCV  
  21  1:59  Marine  
  22  2:05  SCV  
  23  2:10  Factory  
  23  2:17  SCV  
  23  2:21  Refinery  
  23  2:22  Marine  
  25  2:27  Bunker  
  25  2:29  SCV  
  26  2:39  Marine  
  26  2:41  SCV  
  28  2:53  SCV  
  28  2:55  Hellion  
  28  2:56  Orbital Command  
  31  3:01  Starport  
  31  3:05  SCV  
  31  3:07  Barracks Reactor  
  31  3:11  Refinery  
  32  3:17  Factory Tech Lab  
  32  3:18  SCV  
  33  3:22  SCV  
  34  3:30  SCV  
  35  3:34  SCV  
  35  3:36  Siege Tank  
  35  3:37  Viking  
  41  3:42  Supply Depot  
  41  3:43  SCV  
  41  3:46  SCV, Marine  
  41  3:48  Marine  
  45  3:55  SCV, Supply Depot  
  46  4:03  SCV  
  48  4:13  SCV  
  48  4:15  SCV  
  45  4:24  Factory Tech Lab  
  45  4:25  SCV, Raven  
  45  4:27  SCV  
  45  4:30  Command Center  
  49  4:37  SCV  
  50  4:39  SCV  
  50  4:43  Siege Tank  
  54  4:49  SCV  
  54  4:52  SCV  
  56  5:00  Marine x2  
  56  5:01  SCV  
  56  5:02  Supply Depot  
  56  5:03  Supply Depot  
  56  5:04  SCV  
  60  5:08  Raven  
  62  5:16  Supply Depot  
  62  5:17  Refinery  
  62  5:23  SCV, Marine x2, Siege Tank  
  67  5:29  SCV  
  68  5:35  SCV  
  68  5:38  Barracks  
  68  5:39  Barracks  
  68  5:41  SCV, Marine x2  
  70  5:44  Orbital Command  
  70  5:47  Engineering Bay  
  70  5:48  SCV, Engineering Bay  
  71  5:53  SCV  
  72  6:00  SCV  
  73  6:05  SCV, Siege Tank  
  73  6:07  Viking x2  
  81  6:12  SCV  
  81  6:17  SCV  
  81  6:18  SCV  
  83  6:20  Marine  
  84  6:31  SCV  
  84  6:32  SCV  
  84  6:33  Terran Infantry Weapons Level 1  
  84  6:34  Barracks Reactor x2, Terran Infantry Armor Level 1  
  84  6:35  Stimpack  
  84  6:37  Viking, Siege Tank  
  89  6:44  SCV  
  88  6:57  Orbital Command  
  88  7:03  Marine  
  88  7:04  Viking  
  89  7:09  Viking, Siege Tank  
  89  7:10  SCV  
  89  7:14  Barracks, Marine x4  
  98  7:16  Barracks  
  98  7:18  SCV  
  100  7:23  SCV  
  100  7:26  SCV  
  100  7:29  Refinery, Supply Depot  
  101  7:30  Refinery, SCV  
  101  7:34  Supply Depot  
  101  7:35  SCV  
  103  7:39  SCV  
  103  7:43  SCV  
  103  7:44  Armory  
  105  7:47  Siege Tank  
  105  7:48  SCV  
  105  7:51  SCV  
  106  8:02  SCV  
  106  8:04  Marine  
  106  8:05  Viking x2  
  96  8:11  Marine x3  
  96  8:12  Marine  
  98  8:16  SCV x2  
  98  8:19  Siege Tank  
  103  8:21  SCV  
  103  8:22  Marine  
  103  8:23  Barracks Reactor, Combat Shield  
  103  8:25  Barracks Reactor  
  102  8:28  SCV  
  102  8:29  Marine  
  102  8:31  Marine x3  
  99  8:45  Viking x2  
  103  8:51  Siege Tank  
  103  8:54  SCV x2  
  108  8:57  SCV  
  109  9:05  Command Center  
  109  9:06  Terran Infantry Armor Level 2, Terran Infantry Weapons Level 2  
  109  9:09  Terran Vehicle Weapons Level 1  
  109  9:10  SCV  
  109  9:11  SCV  
  109  9:14  SCV  
  112  9:18  Marine x3  
  112  9:22  SCV  
  112  9:23  SCV  
  117  9:34  Marine  
  117  9:37  Marine x3, Siege Tank  
  117  9:38  Marine  
  111  9:39  SCV x2  
  111  9:40  Marine x4  
  96  9:51  SCV x2  
  96  9:52  Marine  
  98  9:55  Marine x4  
  98  9:57  Marine  
  98  9:58  Marine x3  
  87  10:09  Siege Tank  
  87  10:10  Marine  
  87  10:13  Marine x4  
  87  10:15  Viking  
  87  10:20  Viking  
  90  10:23  Marine x4  
  90  10:28  Orbital Command, Marine  
  95  10:35  SCV x2  
  95  10:41  Siege Tank  
  100  10:44  Marine x2  
  100  10:45  Marine x5, Medivac  
  109  10:50  Medivac  
  110  11:00  Marine  
  110  11:01  Marine  
  110  11:02  Marine x3  
  112  11:04  SCV  
  110  11:14  Siege Tank  
  110  11:15  Medivac  
  110  11:16  SCV  
  110  11:17  SCV  
  108  11:20  Marine, Medivac  
  108  11:24  Marine  
  105  11:27  Marine  
  105  11:28  Marine x2  
  105  11:29  Marine  
  96  11:50  Marine  
  96  11:51  Marine x2  
  96  11:52  Marine x5  
  81  11:57  Marine, Medivac  
  84  12:08  SCV x2, Marine  
  87  12:09  Orbital Command  
  87  12:12  Marine x2  
  89  12:16  Marine x2  
  89  12:17  Marine  
  92  12:23  Marine x2  
  94  12:35  SCV  
  94  12:36  Marine x2  
  94  12:37  Marine x2  
  97  12:44  SCV x2  
  101  12:50  Siege Tank  
  101  12:51  Marine x2  
  105  12:57  Marine  
  108  12:59  Supply Depot  
  108  13:03  Marine  
  108  13:05  Marine x4  
  110  13:17  Marine x3  
  110  13:19  Marine  
  107  13:21  Marine  
  107  13:22  Siege Tank  
  107  13:25  Marine x2  
  113  13:32  Medivac  
  113  13:33  Medivac  
  114  13:36  Supply Depot  
  114  13:38  Marine x2, Supply Depot  
  114  13:39  Marine x2  
  110  13:53  Marine x3  
  110  13:54  Siege Tank  
  102  13:58  Command Center  
  102  13:59  SCV x2  
  102  14:01  Marine  
  105  14:02  Medivac x2  
  105  14:03  Marine x2  
  107  14:18  SCV x2  
  107  14:20  Marine x2  
  107  14:21  Marine x3  
  107  14:23  Marine  
  115  14:26  Siege Tank  
  114  14:31  Marine  
  114  14:32  Medivac  
  114  14:33  Sensor Tower  
  114  14:36  Marine x2  
  119  14:38  Marine x2  
  119  14:45  Marine  
  108  14:54  Marine x2  
  108  14:55  Marine x2  
  108  14:56  Marine  
  108  14:58  Marine x3, Siege Tank  
  110  15:03  Marine  
  107  15:12  Starport, Planetary Fortress  
  107  15:15  Marine x2  
  109  15:30  Starport  
  109  15:31  Siege Tank  
  112  15:39  Marine x2  
  111  15:43  Marine x2  
  111  15:49  Marine  
  108  15:57  Marine x2  
  108  16:01  Marine x2  
  108  16:03  Siege Tank  
  104  16:07  Marine  
  103  16:15  Marine x2  
  105  16:18  Marine x2  
  105  16:25  Marine  
  80  16:32  Marine  
  80  16:33  Marine  
  80  16:35  Siege Tank  
  80  16:36  SCV, Marine x2  
  80  16:37  SCV x2  
  90  16:42  Marine  
  91  16:50  Marine  
  91  16:51  Marine  
  92  16:54  Marine x2  
  92  16:58  Starport, Starport Tech Lab, Starport Reactor  
  92  16:59  SCV  
  92  17:00  Marine  
  96  17:03  SCV  
  96  17:07  Siege Tank  
  98  17:08  Marine x2  
  98  17:12  Marine x2  
  98  17:14  Command Center  
  101  17:17  SCV  
  101  17:18  Refinery x2, Marine  
  101  17:19  Corvid Reactor  
  101  17:20  Raven  
  104  17:26  Marine x2  
  106  17:30  Marine x2  
  106  17:34  SCV x2  
  106  17:35  Refinery, Barracks x2  
  106  17:36  SCV, Marine  
  104  17:37  Refinery  
  104  17:39  Medivac x2, Siege Tank  
  104  17:40  Starport Tech Lab  
  104  17:44  Marine x2  
  110  17:46  SCV  
  110  17:47  Marine  
  110  17:48  Marine  
  112  17:51  SCV  
  112  17:54  Marine  
  112  17:58  SCV x2  
  114  18:02  Marine x2  
  114  18:03  Raven  
  114  18:05  Marine  
  119  18:07  SCV  
  116  18:26  Barracks Reactor x2  
  113  18:39  Viking x2  
  103  18:44  Siege Tank  
  103  18:54  Marine x3  
  104  19:03  Marine x3  
  104  19:07  SCV x3  
  110  19:19  SCV  
Tags
 
Add a new tag
Caveats
  • Supply blocks, unpowered buildings, or Contaminate may cause inaccurate times.
  • Supply counts are checked every 10 seconds.